 Dungeon Crawl Stone Soup version 0.25-a0-517-gf8b3a32422 (webtiles) character file.

Game seed: 376073562177608332, levelgen mode: deterministic

2763 VanlindtMarc the Blocker (level 9, -9/78 HPs)
             Began as a Minotaur Fighter on Feb 17, 2020.
             Mangled by an orc warrior
             ... wielding a +0 war axe
              (11 damage)
             ... in a bailey.
             The game lasted 00:19:02 (4642 turns).

VanlindtMarc the Blocker (Minotaur Fighter)         Turns: 4642, Time: 00:19:03

Health: -9/78      AC: 11    Str: 23    XL:     9   Next: 42%
Magic:  8/8        EV: 10    Int:  5    God:
Gold:   378        SH: 12    Dex: 11    Spells: 8/8 levels left

rFire    . . .     SeeInvis .   a - +1 long sword
rCold    . . .     Gourm    .   c - +0 kite shield
rNeg     . . .     Faith    .   l - +0 chain mail
rPois    .         Spirit   .   (helmet restricted)
rElec    .         Reflect  .   (no cloak)
rCorr    .         Harm     .   B - +0 pair of gloves
MR       .....                  (no boots)
Stlth    ..........             (no amulet)
HPRegen  0.23/turn              q - +2 ring of evasion
MPRegen  0.11/turn              (no ring)

@: no status effects
A: retaliatory headbutt, horns 2
a: no special abilities


You were in a bailey.
You were not hungry.

You visited 1 branch of the dungeon, and saw 7 of its levels.
You also visited: Bailey.

You collected 378 gold pieces.

Inventory:

Hand Weapons
 a - a +1 long sword (weapon)
 g - a cursed -2 hunting sling
 k - a +0 hunting sling
 u - a +0 rapier
Missiles
 t - a throwing net (quivered)
Armour
 c - a +0 kite shield (worn)
 l - a +0 chain mail (worn)
 B - a +0 pair of gloves (worn)
Jewellery
 j - a cursed amulet of inaccuracy
 q - a +2 ring of evasion (left hand)
 y - a cursed ring of attention {unknown}
 A - an uncursed amulet of magic regeneration {unknown}
Wands
 m - a wand of digging (7)
 p - a wand of paralysis (9)
 x - a wand of iceblast (11)
 C - a wand of acid (7)
 D - a wand of enslavement (11)
Scrolls
 b - a scroll of noise
 h - 4 scrolls of identify
 s - 2 scrolls of teleportation
 v - a scroll of enchant weapon
 w - 3 scrolls of remove curse
 F - a scroll of magic mapping
Potions
 d - 2 potions of might
 e - 4 potions of curing {unknown}
 i - a potion of magic {unknown}
 n - a potion of heal wounds {unknown}
 o - a potion of mutation {unknown}
 r - 2 potions of invisibility {unknown}
 z - 2 potions of flight
 G - a potion of ambrosia {unknown}
Comestibles
 f - 6 rations


   Skills:
 + Level 6.9 Fighting
 + Level 9.1 Long Blades
 + Level 6.9 Armour
 + Level 3.3 Dodging
 + Level 0.9 Stealth
 + Level 9.4 Shields


You had 8 spell levels left.
You didn't know any spells.
Your spell library was empty.

Dungeon Overview and Level Annotations

Branches:
Dungeon (7/15)             Bailey (1/1)
 Temple: D:4-7

Altars:
Ashenzari
Dithmenos
Kikubaaqudgha
Nemelex Xobeh
Ru
Sif Muna
Trog
Zin

Shops:
D:6 %


Innate Abilities, Weirdness & Mutations

You reflexively headbutt those who attack you in melee.
You have a pair of horns on your head.


Message History

You hit the orc warrior. You headbutt the orc warrior.
The orc warrior is heavily wounded.
The orc warrior hits you with a +0 war axe!!
* * * LOW HITPOINT WARNING * * *
You hit the orc warrior.
The orc warrior is heavily wounded.
You block the orc warrior's attack.
You hit the orc warrior but do no damage.
The orc warrior is heavily wounded.
The orc warrior hits you with a +0 war axe.
* * * LOW HITPOINT WARNING * * *
You closely miss the orc warrior.
The orc warrior is heavily wounded.
The orc warrior hits you with a +0 war axe!
* * * LOW HITPOINT WARNING * * *
You closely miss the orc warrior.
The orc warrior is heavily wounded.
The sentinel's mark upon you fades away.
The orc warrior hits you with a +0 war axe!
You die...

####......∩..#
####.............#
###........≈≈≈≈≈≈≈≈≈#
##.......≈≈≈≈≈≈≈≈≈≈≈≈≈≈#
##......≈≈≈≈≈#########≈≈≈
##....≈≈≈≈≈≈≈K#ggoK...#K≈≈≈
#≈≈≈≈≈≈≈≈≈))####.......#
##≈
≈≈≈≈≈≈≈≈≈...((#..####'####
≈≈≈≈≈#......###.@oKKoK..^.
#######...(.#.'.)####o####
#.......###).#
#.....⌠..).#..#
##........)#'##
##........(..########
####........).......
#############.###


You could see 2 orc warriors, an orc and 3 kobolds.

Vanquished Creatures
  2 orc knights (Bailey)
  Eustachio (D:4)
  An ice beast (D:5)
  2 orc warriors
  A phantom (D:5)
  An ogre (D:4)
  2 centaurs (D:6)
  A water moccasin zombie (D:6)
  3 scorpions
  2 crimson imps
  A bullfrog zombie (D:5)
  A jelly (D:5)
  3 orc priests
  A bullfrog skeleton (D:5)
  A hound (D:6)
  6 orc wizards
  An iguana (D:6)
  Natasha (thrice) (D:4)
  3 worker ants
  A worker ant zombie (D:6)
  Robin (D:4)
  6 gnolls
  5 adders
  A howler monkey skeleton (D:4)
  A shadow imp (D:6)
  An ooze (D:5)
  2 worms
  6 dart slugs
  7 leopard geckos
  24 orcs
  3 ball pythons
  3 giant cockroaches
  19 goblins
  9 hobgoblins
  16 jackals
  15 kobolds
  6 quokkas
  10 bats
  4 frilled lizards
  A leopard gecko zombie (D:6)
  A quokka skeleton (D:6)
  8 rats
186 creatures vanquished.

Notes
Turn   | Place    | Note
-------+----------+-------------------------------------------
     0 | D:1      | VanlindtMarc the Minotaur Fighter began the quest for the
                  | Orb.
     0 | D:1      | Reached XP level 1. HP: 19/19 MP: 0/0
    92 | D:1      | Reached XP level 2. HP: 27/27 MP: 1/1
   334 | D:1      | Reached XP level 3. HP: 33/33 MP: 2/2
  1008 | D:2      | Found a bloodstained altar of Trog.
  1044 | D:2      | Reached skill level 1 in Dodging
  1044 | D:2      | Reached XP level 4. HP: 40/41 MP: 3/3
  1455 | D:3      | Reached XP level 5. HP: 38/47 MP: 4/4
  1582 | D:3      | Reached skill level 5 in Shields
  1616 | D:3      | Found a shadowy altar of Dithmenos.
  1616 | D:3      | Found an ancient bone altar of Kikubaaqudgha.
  1618 | D:3      | Found a shimmering blue altar of Sif Muna.
  1663 | D:3      | Reached XP level 6. HP: 41/55 MP: 5/5
  1730 | D:3      | Found a glowing silver altar of Zin.
  1915 | D:4      | Noticed Natasha
  1926 | D:4      | Killed Natasha
  1939 | D:4      | Found a glowing drain.
  1961 | D:4      | Reached skill level 5 in Fighting
  1993 | D:4      | Noticed Eustachio
  2049 | D:3      | Found a sparkling altar of Nemelex Xobeh.
  2049 | D:3      | Found a shattered altar of Ashenzari.
  2274 | D:4      | Killed Eustachio
  2274 | D:4      | Reached skill level 5 in Armour
  2321 | D:4      | Noticed Natasha
  2350 | D:4      | Killed Natasha
  2364 | D:4      | Reached XP level 7. HP: 53/61 MP: 6/6
  2381 | D:4      | Reached skill level 5 in Long Blades
  2402 | D:4      | Noticed Robin
  2419 | D:4      | Noticed Natasha
  2432 | D:4      | Killed Robin
  2439 | D:4      | Killed Natasha
  2681 | D:5      | Entered Level 5 of the Dungeon
  2723 | D:5      | Found a sacrificial altar of Ru.
  3125 | D:5      | Reached XP level 8. HP: 39/70 MP: 7/7
  3490 | D:6      | Found a shattered altar of Ashenzari.
  3510 | D:6      | Got a brightly glowing ring mail
  3868 | D:6      | Found Xocryre's Food Shop.
  4344 | D:7      | Found a flagged portal.
  4367 | Bailey   | Entered a bailey
  4394 | Bailey   | Noticed an orc knight
  4435 | Bailey   | Noticed an orc knight
  4452 | Bailey   | Killed an orc knight
  4452 | Bailey   | Reached XP level 9. HP: 33/78 MP: 8/8
  4606 | Bailey   | Killed an orc knight
  4641 | Bailey   | HP: 1/78 [orc warrior/+0 war axe (9)]
  4642 | Bailey   | Mangled by an orc warrior

Levels and vault maps discovered:
D:1:      minmay_arrival_jagged, layout_rooms
D:2:      minmay_general_purpose_star, layout_basic, bloody_trog
D:3:      layout_rooms, zin_statuary, nicolae_overflow_hidden_temple,
          grunt_decor_fettered
D:4:      layout_rooms, portal_sewer_entry_c, uniq_eustachio, uniq_robin,
          uniq_natasha
D:5:      layout_rooms, first_ration, nicolae_ru_great_annihilating_truth
D:6:      layout_loops_corners, serial_shops, nicolae_shop_trees,
          hangedman_glass_teeth, evilmike_ruin_ashenzari
D:7:      layout_rooms, marbit_many_paths, minmay_temple_entry_hall,
          enter_bailey_3, basic_altar, grunt_livestock
Bailey:   bailey_axe_4, bailey

Skill      XL: |  1  2  3  4  5  6  7  8  9 |
---------------+----------------------------+-----
Fighting       | 4 5 6 |  6.9
Shields        | 4 5 6 8 9 |  9.4
Armour         | 4 5 6 |  6.9
Long Blades    | 3 4 6 8 9 |  9.1
Dodging        | 1 2 3 |  3.3
Stealth        | |  0.9

Action                   |  1- 3 |  4- 6 |  7- 9 || total
-------------------------+-------+-------+-------++-------
Melee: Long sword        |   124 |   139 |   280 ||   543
       Headbutt          |    22 |    26 |    57 ||   105
Evoke: Wand              |       |     1 |       ||     1
  Use: Scroll            |     5 |     1 |     3 ||     9
       Potion            |       |       |     2 ||     2
 Stab: Paralysed         |       |       |     1 ||     1
  Eat: Ration            |     1 |     1 |     2 ||     4
Armor: Scale mail        |    55 |     1 |       ||    56
       Chain mail        |       |    67 |   113 ||   180
Dodge: Dodged            |    38 |    51 |   127 ||   216
Block: Kite shield       |    74 |    93 |   250 ||   417
       Rpst.: Long sword |    11 |    15 |    15 ||    41

Table legend:
 A = Non-vault XP
 B = Vault XP
 C = Vault XP percentage of total XP
 D = Non-vault monster count
 E = Vault monster count
 F = Vault count percentage of total count
                 A         B        C        D         E       F
            +---------+---------+-------+---------+---------+-------
      Total |    2205 |    1743 |  44.1 |     140 |      46 |  24.7
            +---------+---------+-------+---------+---------+-------
        D:1 |      43 |       0 |   0.0 |      18 |       0 |   0.0
        D:2 |      90 |      11 |  10.9 |      24 |       6 |  20.0
        D:3 |     246 |       0 |   0.0 |      32 |       0 |   0.0
        D:4 |     301 |     274 |  47.7 |      15 |      13 |  46.4
        D:5 |     669 |      39 |   5.5 |      23 |       4 |  14.8
        D:6 |     856 |       0 |   0.0 |      28 |       0 |   0.0
        D:7 |       0 |       8 | 100.0 |       0 |       4 | 100.0
     Bailey |       0 |    1411 | 100.0 |       0 |      19 | 100.0
            +---------+---------+-------+---------+---------+-------
